AoeStats
← LeMont d'Ettinge

Arabia

503166003Analyzed
1v1 RM · 1mo ago on Aug 30, 2026· 28m 32s· 2 players
Game mode
Random Map
Map size
Tiny (2 player)
Population
200
Speed
Normal
Resources
Standard
Victory
Conquest
Starting age
Dark Age
Ending age
Imperial Age
RankedLock teamsTeams togetherTeam positionsShared explorationLock speedFull tech treeHidden civsTurbo modeCheats
Victory
Defeat
🇪🇸 Magyars · Spain
850
+14
🇨🇭 Goths · Switzerland
815
-38
dganb7092
12:16 Feudal Age
12:59 Double-Bit Axe
14:27 Horse Collar
22:55 Castle Age
24:29 Stone Mining
24:46 Heavy Plow
25:00 Bow Saw
24:50 Gold Mining
LeMont d'Ettinge
1:38 Loom
11:45 Feudal Age
13:33 Man-at-Arms
15:18 Double-Bit Axe
26:30 Castle Age
25:24 Stone Mining
26:29 Horse Collar
27:31 Pikeman
Connection lost

Rejoining the realm…

Still unreachable

The connection could not be restored.

Session expired

The server has moved on; the page needs a fresh start.